AoeStats
← Froschwetter

Nomad

505930889Analyzed
4v4 RM · 21d ago on Sep 11, 2026· 38m 55s· 8 players
Game mode
Random Map
Map size
231×231
Population
200
Speed
Normal
Resources
Standard
Victory
Conquest
Starting age
Dark Age
Ending age
Imperial Age
RankedLock teamsTeams togetherTeam positionsShared explorationLock speedFull tech treeHidden civsTurbo modeCheats
Victory
Defeat
🇨🇴 Britons · Colombia
1453
+15
🇩🇪 Vietnamese · Germany
1437
+16
🇳🇴 Byzantines · Norway
1408
+17
🇮🇳 Dravidians · India
1406
+17
🇻🇳 Ethiopians · Vietnam
1492
-19
🇩🇪 Berbers · Germany
1429
-16
🇨🇳 Burgundians · China
1418
-16
1384
-14
适才相戏尔
12:53 Feudal Age
11:24 Double-Bit Axe
12:49 Gold Mining
13:06 Loom
14:34 Gold Shaft Mining
13:53 Loom
17:02 Town Watch
18:09 Horse Collar
23:56 Castle Age
21:58 Stone Mining
23:03 Bow Saw
23:55 Stone Shaft Mining
32:14 Wheelbarrow
37:21 Imperial Age
37:06 Two-Man Saw
37:10 Heavy Plow
38:23 Block Printing
38:28 Sanctity
38:33 Conscription
40:03 Chemistry
Froschwetter
4:56 Loom
13:06 Feudal Age
16:38 Fletching
17:41 Padded Archer Armor
19:43 Castle Age
20:59 Medium Warships
21:55 Forging
21:55 Fishing Lines
23:05 Wheelbarrow
24:25 Scale Barding Armor
29:15 Iron Casting
36:35 Town Watch
37:09 Hand Cart
电脑人-偷家鸡鸡短三寸-
4:12 Loom
13:39 Feudal Age
17:22 Castle Age
16:06 Double-Bit Axe
18:28 Bow Saw
22:11 Wheelbarrow
25:18 Fishing Lines
28:18 Gold Mining
30:22 Ballistics
33:51 Horse Collar
38:16 Imperial Age
36:46 Hand Cart
36:51 Town Watch
39:01 Gold Shaft Mining
38:57 Double Crossbow
38:19 Heavy Scorpion
thanh7531
4:08 Loom
15:12 Feudal Age
20:51 Castle Age
19:24 Padded Archer Armor
20:36 Fletching
21:09 Town Watch
22:00 Wheelbarrow
21:09 Crossbowman
21:20 Crossbowman
21:50 Double-Bit Axe
23:05 Bodkin Arrow
24:31 Bow Saw
33:27 Thumb Ring
34:19 Hand Cart
40:42 Imperial Age
T91Official
9:46 Loom
12:37 Feudal Age
13:17 Double-Bit Axe
16:19 Fletching
20:45 Scale Barding Armor
22:49 Castle Age
23:49 Gold Mining
23:27 Crossbowman
26:35 Husbandry
27:54 Forging
28:04 Bodkin Arrow
29:49 Horse Collar
33:18 Chain Barding Armor
Mezsar
13:39 Feudal Age
14:57 Wheelbarrow
14:08 Double-Bit Axe
19:12 Castle Age
18:57 Fletching
19:00 Gold Mining
20:29 Bow Saw
20:36 Medium Warships
20:30 Bodkin Arrow
24:01 Loom
24:03 Fishing Lines
26:22 Padded Archer Armor
27:18 Ballistics
27:29 Medical Corps
28:13 Leather Archer Armor
28:04 Scale Barding Armor
31:49 Gillnets
32:33 Thumb Ring
35:51 Imperial Age
34:18 Scale Mail Armor
34:28 Forging
34:20 Squires
36:34 Bracer
38:24 Chemistry
37:19 Elite Elephant Archer
37:58 Pikeman
39:31 Ring Archer Armor
Nordigard
4:48 Loom
15:14 Feudal Age
16:02 Double-Bit Axe
17:26 Fishing Lines
21:50 Castle Age
20:31 Gold Mining
20:33 Stone Mining
21:14 Horse Collar
23:33 Bow Saw
24:24 Fletching
26:59 Wheelbarrow
32:33 Imperial Age
30:26 Bodkin Arrow
31:35 Ballistics
30:51 Pikeman
31:34 Scale Mail Armor
32:27 Careening
35:01 Forging
34:45 Halberdier
36:41 Chain Mail Armor
37:08 Conscription
37:09 Heavy Plow
38:25 Plate Mail Armor
Alexspiration
5:35 Loom
13:18 Feudal Age
13:51 Fishing Lines
16:11 Fletching
18:48 Castle Age
16:43 Gold Mining
17:45 Fletching
18:27 Double-Bit Axe
19:44 Medium Warships
20:43 Bodkin Arrow
23:09 Bow Saw
22:57 Gillnets
24:13 Wheelbarrow
26:02 Town Watch
27:42 Hand Cart
27:34 Horse Collar
27:57 Stone Mining
31:53 Ballistics
31:35 Padded Archer Armor
31:29 Treadmill Crane
35:09 Imperial Age
33:07 Leather Archer Armor
35:00 Thumb Ring
36:54 Chemistry
35:56 Bracer
36:53 Paper Money
37:10 Ring Archer Armor
38:05 Two-Man Saw
39:15 Siege Engineers
Connection lost

Rejoining the realm…

Still unreachable

The connection could not be restored.

Session expired

The server has moved on; the page needs a fresh start.